 Dungeon Sprint DCSS version 0.29-a0-813-g4a14ea37d6 (webtiles) character file.

Game seed: 10756614761962035613

3386 mhtbhm the Imperceptible (level 9, -8/64 HPs)
             Began as a Spriggan Enchanter on July 4, 2022.
             Was an Initiate of Gozag.
             Blown up by an eye of devastation (21 damage)
             ... with a bolt of energy
             ... in the Dungeon (Sprint VII: "The Pits").
             The game lasted 00:06:00 (1443 turns).

mhtbhm the Imperceptible (Spriggan Enchanter)       Turns: 1443, Time: 00:06:00

Health: -8/64      AC:  7    Str:  7    XL:     9   Next: 74%
Magic:  23/25      EV: 21    Int: 16    God:    Gozag
Gold:   1960       SH:  5    Dex: 20    Spells: 19/30 levels left

rFire   . . .      SeeInvis +   a - +4 dagger (elec)
rCold   . . .      Faith    .   (no shield)
rNeg    + . .      Spirit   .   b - +1 robe {rN+}
rPois   .          Reflect  +   (helmet restricted)
rElec   .          Harm     .   p - +0 cloak
rCorr   .          Rampage  .   (gloves unavailable)
Will    +....      NoTele   +   (boots unavailable)
Stlth   ..........              r - amulet of reflection
HPRegen 0.20/turn               m - +3 ring of strength
MPRegen 0.19/turn               n - +3 ring of protection

@: berserking, gold aura, slowed, invisible, very quick
A: very small, no large weapons, unfitting armour, see invisible, speed 3
a: Renounce Religion, Potion Petition, Call Merchant, Bribe Branch


You were in the Dungeon.
You worshipped Gozag.
Gozag was most pleased with you.
You visited 1 branch You collected 2934 gold pieces.
You spent 420 gold pieces at shops.
You paid 554 gold pieces to Gozag.

Inventory:

Hand Weapons
 a - a +4 dagger of electrocution (weapon)
Armour
 b - a +1 robe of positive energy (worn)
 p - a +0 cloak (worn)
Jewellery
 m - a +3 ring of strength (left hand)
 n - a +3 ring of protection (right hand)
 r - an amulet of reflection (around neck)
Wands
 q - a wand of iceblast (6)
Scrolls
 i - a scroll of blinking
 j - 5 scrolls of amnesia
 k - a scroll of summoning
Potions
 c - 3 potions of invisibility
 d - 6 potions of curing
 e - 8 potions of heal wounds
 f - 4 potions of haste
 g - 4 potions of magic
 h - 3 potions of berserk rage
 l - 3 potions of might
 o - a potion of mutation


   Skills:
 + Level 2.4 Fighting
 + Level 7.4 Short Blades
 + Level 6.2 Dodging
 + Level 22.0 Stealth
 + Level 11.2 Spellcasting
 + Level 0.7 Conjurations
 + Level 11.8 Hexes
 + Level 6.4 Ice Magic


You had 19 spell levels left.
You knew the following spells:

 Your Spells              Type           Power      Damage    Failure   Level
a - Ensorcelled Hibernat  Hex/Ice        76%        N/A       1%          2
b - Confusing Touch       Hex            46%        N/A       1%          3
c - Tukima's Dance        Hex            46%        N/A       1%          3
d - Dazzling Flash        Conj/Hex       58%        N/A       1%          3

Your spell library contained the following spells:

 Spells                   Type           Power      Damage    Failure   Level


Dungeon Overview and Level Annotations

Branches:
Dungeon (1/1)

Altars:
Ashenzari
Cheibriados
Dithmenos
Elyvilon
Fedhas
Gozag
Hepliaklqana
Kikubaaqudgha
Makhleb
Nemelex Xobeh
Okawaru
Qazlal
Ru
Sif Muna
Trog
Uskayaw
Vehumet
Wu Jian
Xom
Yredelemnul
Zin
The Shining One
Jiyva
Lugonu

Shops:
D =


Innate Abilities, Weirdness & Mutations

You are very small and have problems with some larger weapons.
You are too small for most types of armour.
You have supernaturally acute eyesight. (SInv)
You cover ground extremely quickly. (Speed+++)


Message History

You feel as though you will be slow longer.
You are too injured to fight recklessly!
You are too injured to fight recklessly!
You are too injured to fight recklessly!
You are too injured to fight recklessly!
You are too injured to fight recklessly!
You are too injured to fight recklessly!
You are too injured to fight recklessly!
You are too injured to fight recklessly!
You are too injured to fight recklessly!
You are too injured to fight recklessly!
You are too injured to fight recklessly!
You are too injured to fight recklessly!
You are too injured to fight recklessly!
You are too injured to fight recklessly!
You are too injured to fight recklessly!
You are too injured to fight recklessly!
You are too injured to fight recklessly!
You are too injured to fight recklessly!
You are too injured to fight recklessly!
You are too injured to fight recklessly!
You strike the helpless shadow wraith from behind!
You skewer the shadow wraith like a kebab!!!
Lightning courses through the shadow wraith!
You destroy the shadow wraith!
Your Stealth skill increases to level 22!
Your Spellcasting skill increases to level 11!
Unknown command.
You hit the eye of devastation but do no damage.
Lightning courses through the eye of devastation!
The eye of devastation is moderately wounded.
The eye of devastation gazes at you. The bolt of energy misses you.
You puncture the eye of devastation!
The eye of devastation is heavily wounded.
You hit the eye of devastation.
The eye of devastation is severely wounded.
The eye of devastation gazes at you. The bolt of energy hits you!!
You die...

##.##................''..#
....'................''..########
#####......#..#......##..........
#[[##................##..........
#))#####'#####''#################
#))##.......##''#####
#))##.......##..∩...#
#..##.......##......#
#'###...<...###.@..##
...##.......# ##$G##
...##.......###.)..##
#####.......##......#
#..###########......+
#)############......#
#)#..).#..[[###....##
#'#....#..[.# ##''##
#.'....'..))# #....#


You could see an eye of devastation.

Vanquished Creatures
  A shadow wraith (D)
  An elephant (D)
  A smoke demon (D)
  Psyche (D)
  An efreet (D)
  A snapping turtle (D)
  A shadow (D)
  A fire bat (D)
  Edmund (D)
  A floating eye (D)
  A swamp drake (D)
  2 gnoll sergeants (D)
  3 scorpions (D)
  10 killer bees (D)
  An orc priest (D)
  An iguana (D)
  Terence (D)
  2 adders (D)
  9 gnolls (D)
  An ufetubus (D)
  An orc (D)
  2 giant cockroaches (D)
  A goblin (D)
  A hobgoblin (D)
  A jackal (D)
  A ball python zombie (D)
  A frilled lizard (D)
  A kobold (D)
50 creatures vanquished.

Notes
Turn   | Place    | Note
-------+----------+-------------------------------------------
     0 | D        | mhtbhm the Spriggan Enchanter began the quest for the Orb.
     0 | D        | Reached XP level 1. HP: 9/9 MP: 5/5
    38 | D        | Found a bloodstained altar of Trog.
    38 | D        | Found a shimmering blue altar of Sif Muna.
    38 | D        | Found a viscous altar of Jiyva.
    38 | D        | Found a hazy altar of Hepliaklqana.
    38 | D        | Found an opulent altar of Gozag.
    39 | D        | Found a glowing golden altar of the Shining One.
    39 | D        | Found a glowing silver altar of Zin.
    39 | D        | Found a basalt altar of Yredelemnul.
    39 | D        | Found a shimmering altar of Xom.
    39 | D        | Found an ornate altar of the Wu Jian Council.
    39 | D        | Found a sacrificial altar of Ru.
    39 | D        | Found a stormy altar of Qazlal.
    39 | D        | Found an iron altar of Okawaru.
    39 | D        | Found a sparkling altar of Nemelex Xobeh.
    39 | D        | Found a burning altar of Makhleb.
    39 | D        | Found a blossoming altar of Fedhas.
    39 | D        | Found a white marble altar of Elyvilon.
    39 | D        | Found a shadowy altar of Dithmenos.
    39 | D        | Found a snail-covered altar of Cheibriados.
    41 | D        | Found a radiant altar of Vehumet.
    41 | D        | Found a corrupted altar of Lugonu.
    42 | D        | Found a hide-covered altar of Uskayaw.
    42 | D        | Found an ancient bone altar of Kikubaaqudgha.
    42 | D        | Found a broken altar of Ashenzari.
    46 | D        | Became a worshipper of Gozag Ym Sagoz the Greedy
    93 | D        | Reached skill level 5 in Stealth
   329 | D        | Reached skill level 6 in Stealth
   329 | D        | Reached skill level 5 in Hexes
   329 | D        | Reached XP level 2. HP: 13/13 MP: 7/7
   332 | D        | Learned a level 2 spell: Ensorcelled Hibernation
   342 | D        | Noticed a scorpion
   350 | D        | Killed a scorpion
   351 | D        | Reached skill level 8 in Stealth
   351 | D        | Reached XP level 3. HP: 16/16 MP: 7/9
   351 | D        | Reached XP level 4. HP: 21/21 MP: 8/11
   422 | D        | Noticed a scorpion
   449 | D        | Learned a level 3 spell: Confusing Touch
   453 | D        | Learned a level 3 spell: Tukima's Dance
   457 | D        | Learned a level 3 spell: Dazzling Flash
   525 | D        | Reached skill level 9 in Stealth
   532 | D        | Reached skill level 5 in Spellcasting
   558 | D        | Noticed a gnoll sergeant
   563 | D        | Killed a gnoll sergeant
   564 | D        | Reached skill level 5 in Dodging
   564 | D        | Reached skill level 11 in Stealth
   564 | D        | Reached skill level 1 in Ice Magic
   564 | D        | Reached XP level 5. HP: 18/25 MP: 11/14
   669 | D        | Reached skill level 1 in Fighting
   669 | D        | Reached skill level 12 in Stealth
   669 | D        | Reached XP level 6. HP: 30/30 MP: 13/16
   718 | D        | Reached skill level 13 in Stealth
   806 | D        | Reached skill level 14 in Stealth
   813 | D        | Noticed Edmund
   813 | D        | Noticed a fire bat
   813 | D        | Noticed Terence
   822 | D        | Killed Edmund
   823 | D        | Reached XP level 7. HP: 33/33 MP: 8/19
   824 | D        | Killed a fire bat
   825 | D        | Reached skill level 5 in Short Blades
   825 | D        | Reached skill level 15 in Stealth
   830 | D        | Killed Terence
   933 | D        | Noticed a smoke demon
   936 | D        | Killed a smoke demon
   937 | D        | Reached skill level 16 in Stealth
   937 | D        | Reached skill level 10 in Hexes
   937 | D        | Reached XP level 8. HP: 37/37 MP: 20/22
   939 | D        | Reached skill level 17 in Stealth
   986 | D        | Reached skill level 5 in Ice Magic
  1123 | D        | Noticed an elephant
  1130 | D        | Reached skill level 18 in Stealth
  1131 | D        | Killed an elephant
  1132 | D        | Reached skill level 19 in Stealth
  1132 | D        | Reached skill level 10 in Spellcasting
  1140 | D        | Noticed Psyche
  1149 | D        | Reached XP level 9. HP: 37/42 MP: 15/24
  1155 | D        | Killed Psyche
  1156 | D        | Reached skill level 20 in Stealth
  1276 | D        | Bought an amulet of reflection for 420 gold pieces
  1284 | D        | Noticed an efreet
  1292 | D        | Killed an efreet
  1293 | D        | Reached skill level 21 in Stealth
  1414 | D        | Noticed an eye of devastation
  1414 | D        | Noticed a shadow wraith
  1414 | D        | Noticed a komodo dragon
  1440 | D        | Killed a shadow wraith
  1441 | D        | Reached skill level 22 in Stealth
  1443 | D        | Blown up by an eye of devastation

Illustrated notes

Levels and vault maps discovered:
D:        pitsprint [storerooms_1, entrance_room_1, metal_vault_2, armoury_1,
          mini_pit_1, grid_room_1, main_hall_1, silver_pit, the_coven_1,
          the_vestibule_1, steel_vault_1, golden_pit, hallway_of_sentries,
          crystal_vault_4, iron_vault_4, final_vault]

Skill      XL: |  1  2  3  4  5  6  7  8  9 |
---------------+----------------------------+-----
Hexes          | 5 7 8 9 10 11 | 11.8
Stealth        | 6 8 11 12 14 16 19 22 | 22.0
Spellcasting   | 3 4 5 6 7 9 10 11 | 11.2
Dodging        | 3 4 5 6 |  6.2
Short Blades   | 2 3 4 5 6 7 |  7.4
Ice Magic      | 1 2 3 4 5 6 |  6.4
Fighting       | 1 2 |  2.4
Conjurations   | |  0.7

Action                   |  1- 3 |  4- 6 |  7- 9 || total
-------------------------+-------+-------+-------++-------
Melee: Dagger            |    17 |    28 |    37 ||    82
 Cast: Ensorcelled Hiber |       |    20 |    12 ||    32
       Dazzling Flash    |       |     2 |     3 ||     5
       Confusing Touch   |       |       |     1 ||     1
Invok: Call Merchant     |       |       |     1 ||     1
  Use: Potion            |     1 |       |     2 ||     3
 Stab: Sleeping          |     5 |    17 |    18 ||    40
       Invisible         |       |       |     2 ||     2
       Confused          |       |       |     1 ||     1
Armor: Robe              |       |     1 |     1 ||     2
Dodge: Dodged            |     8 |    10 |    14 ||    32
Block: Other             |       |       |     2 ||     2

Table legend: (Time is in decaauts)
 A = Elapsed time spent in this place.
 B = Non-inter-level travel time spent in this place.
 C = Inter-level travel time spent in this place.
 D = Time resting spent in this place.
 E = Time spent auto-exploring this place.
 F = Levels seen in this place.
 G = Mean time per level.
                   A        B        C        D        E       F      G
               +--------+--------+--------+--------+--------+-----+--------+
         Total |   1220 |   1220 |      0 |    676 |     19 |   1 | 1220.0 |
       Dungeon |   1220 |   1220 |      0 |    676 |     19 |   1 | 1220.0 |
               +--------+--------+--------+--------+--------+-----+--------+

Top non-repeatable levels by time:
       D: 1220 daAuts
